 Dungeon Crawl Stone Soup version 0.24.0-37-gcf1ca852f1 (console) character file.

Game seed: 3600545433184091606, levelgen mode: deterministic

114 doot the Grave Robber (level 4, -1/24 HPs)
             Began as a Deep Elf Necromancer on Nov 24, 2019.
             Slain by a river rat (5 damage)
             ... in a sewer.
             The game lasted 00:05:46 (2648 turns).

doot the Grave Robber (Deep Elf Necromancer)        Turns: 2648, Time: 00:05:46

Health: -1/24      AC:  2    Str:  5    XL:     4   Next: 66%
Magic:  0/12       EV: 13    Int: 21    God:
Gold:   92         SH:  0    Dex: 15    Spells: 4/12 levels left

rFire    . . .     SeeInvis .   k - +0 short sword
rCold    . . .     Gourm    .   (no shield)
rNeg     . . .     Faith    .   a - +0 robe
rPois    .         Spirit   .   (no helmet)
rElec    .         Reflect  .   (no cloak)
rCorr    .         Harm     .   (no gloves)
MR       .....                  (no boots)
Stlth    ++........             (no amulet)
HPRegen  0.08/turn              (no ring)
MPRegen  0.13/turn              (no ring)

@: no status effects
A: no striking features
a: no special abilities


You were in a sewer.
You were not hungry.

You visited 1 branch of the dungeon, and saw 3 of its levels.
You also visited: Sewer.

You collected 92 gold pieces.

Inventory:

Hand Weapons
 k - a +0 short sword (weapon)
Missiles
 o - 39 stones (quivered)
Armour
 a - a +0 robe (worn)
Jewellery
 l - an uncursed amulet of harm {unknown}
Scrolls
 d - 5 scrolls of identify {unknown}
 f - 4 scrolls of teleportation {unknown}
 g - 2 scrolls of noise {unknown}
 h - a scroll of enchant armour {unknown}
 i - 2 scrolls of amnesia {unknown}
 p - a scroll of fear {unknown}
Potions
 b - a potion of cancellation {unknown}
 e - 3 potions of degeneration {unknown}
 j - a potion of heal wounds {unknown}
 m - a potion of berserk rage {unknown}
 q - a potion of curing {unknown}
Comestibles
 c - 8 rations
 n - 5 chunks of flesh


   Skills:
 + Level 0.3 Fighting
 + Level 2.4 Dodging
 + Level 2.8 Stealth
 + Level 4.7 Spellcasting
 + Level 0.2 Charms
 + Level 6.2 Necromancy


You had 4 spell levels left.
You knew the following spells:

 Your Spells              Type           Power        Failure   Level  Hunger
a - Pain                  Necr           ####         1%          1    None
b - Animate Skeleton      Necr           N/A          1%          1    None
c - Vampiric Draining     Necr           ####......   2%          3    ##.....
d - Regeneration          Chrm/Necr      ###.......   9%          3    ##.....

Your spell library contained the following spells:

 Spells                   Type           Power        Failure   Level  Hunger
 Animate Dead             Necr           N/A          9%          4    ####...
 Magic Dart               Conj           #...         11%         1    None
 Searing Ray              Conj           #.....       17%         2    #......
 Dazzling Spray           Conj/Hex       #.....       32%         3    ##.....
 Force Lance              Conj/Tloc      #.......     73%         4    ####...
 Fulminant Prism          Conj/Hex       #.........   73%         4    ####...
 Iskenderun's Mystic Bla  Conj           #.......     73%         4    ####...


Dungeon Overview and Level Annotations

Branches:
Dungeon (3/15)              Sewer (1/1)

Altars:
Ashenzari
Okawaru


Message History

The river rat is almost dead.
The river rat bites you.
* * * LOW HITPOINT WARNING * * *
The river rat barely misses you. The rat bites you but does no damage.
Unknown command.
You hit the river rat but do no damage.
The river rat is almost dead.
The rat barely misses you. The river rat bites you.
* * * LOW HITPOINT WARNING * * *
Unknown command.
You hit the river rat but do no damage.
The river rat is almost dead.
The rat barely misses you. The river rat barely misses you.
Unknown command.
You hit the river rat but do no damage.
The river rat is almost dead.
The rat bites you.
* * * LOW HITPOINT WARNING * * *
The river rat bites you.
You die... ############### #.rr@rr∩...r..≈ ###############

You could see a river rat and 4 rats.

Vanquished Creatures
  An iguana (D:2)
  An adder (D:2)
  A river rat (D:3)
  3 worms
  A dart slug (D:1)
  2 leopard geckos (D:1)
  2 ball pythons (D:3)
  5 giant cockroaches
  10 goblins
  3 hobgoblins (D:1)
  9 kobolds
  A quokka (D:2)
  5 bats
  A frilled lizard (D:2)
  11 rats
56 creatures vanquished.

Vanquished Creatures (collateral kills)
  A dart slug (D:3)
1 creature vanquished.

Grand Total: 57 creatures vanquished

Notes
Turn   | Place    | Note
-------+----------+-------------------------------------------
     0 | D:1      | doot the Deep Elf Necromancer began the quest for the Orb.
     0 | D:1      | Reached XP level 1. HP: 10/10 MP: 6/6
    33 | D:1      | Reached skill level 5 in Necromancy
   350 | D:1      | Reached XP level 2. HP: 14/15 MP: 6/8
   447 | D:1      | Learned a level 1 spell: Animate Skeleton
   960 | D:2      | Reached XP level 3. HP: 6/19 MP: 1/9
   965 | D:2      | Learned a level 3 spell: Vampiric Draining
   969 | D:2      | Learned a level 3 spell: Regeneration
  1395 | D:2      | Reached skill level 6 in Necromancy
  1450 | D:2      | Reached XP level 4. HP: 22/24 MP: 9/12
  1485 | D:2      | Found an iron altar of Okawaru.
  1485 | D:2      | Found a shattered altar of Ashenzari.
  2621 | D:3      | Found a glowing drain.
  2639 | Sewer    | Entered a sewer
  2648 | Sewer    | Slain by a river rat

Levels and vault maps discovered:
D:1:      minmay_arrival_four_loops, layout_loops_ring, lemuel_old_faithful
D:2:      layout_loops_corners, chequers_temple_overflow_statue_of_worship,
          nrook_uturn
D:3:      layout_basic, portal_sewer_entry_e, first_ration,
          biasface_ghost_orc_armoury
Sewer:    sewer_kobolds

Skill      XL: |  1  2  3 |
---------------+----------+-----
Necromancy     | 5 6 |  6.2
Spellcasting   | 4 |  4.7
Fighting       | |  0.3
Dodging        | |  2.4
Stealth        | |  2.8
Charms         | |  0.2

Action                   |  1- 3 |  4- 6 || total
-------------------------+-------+-------++-------
Melee: Short sword       |       |     5 ||     5
 Cast: Pain              |    44 |    54 ||    98
       Animate Skeleton  |     6 |     2 ||     8
       Vampiric Draining |       |     1 ||     1
       Regeneration      |       |     1 ||     1
  Eat: Chunk             |     1 |     4 ||     5
Armor: Robe              |     1 |     2 ||     3
Dodge: Dodged            |     5 |    29 ||    34
